 Dungeon Crawl Stone Soup version 0.17.1-3-g152610e (webtiles) character file.

2908 Goblin1989 the Cleaver (level 9, -5/66 HPs)
             Began as a Demonspawn Gladiator on Mar 11, 2016.
             Was a Follower of Okawaru.
             Killed by divine providence
             ... invoked by an orc priest
              (13 damage)
             ... on level 6 of the Dungeon.
             The game lasted 00:23:30 (7694 turns).

Goblin1989 the Cleaver (Demonspawn Gladiator)       Turns: 7694, Time: 00:23:30

Health: -5/66      AC: 16    Str: 18    XL:     9   Next: 49%
Magic:  9/9        EV:  8    Int: 10    God:    Okawaru [*.....]
Gold:   330        SH:  2    Dex: 14    Spells: 0 memorised, 8 levels left

rFire  . . .     SeeInvis .     a - +0 war axe
rCold  . . .     Clarity  .     f - +0 chain mail
rNeg   . . .     SustAt   .     (no shield)
rPois  .         Gourm    .     c - +0 helmet
rElec  .         Spirit   .     w - +2 cloak
rCorr  .         Warding  .     u - +0 pair of gloves (curse)
rMut   .         Stasis   .     (no boots)
MR     .....                    (no amulet)
Stlth  ..........               v - ring of wizardry
                                k - ring of wizardry

@: drained, not resistant to hostile enchantments, extremely unstealthy
A: talons 1, large bone plates 1, demonic guardian 1, rot immunity
a: Heroism, Renounce Religion


You were on level 6 of the Dungeon.
You worshipped Okawaru.
Okawaru was aware of your devotion.
You were not hungry.

You visited 1 branch of the dungeon, and saw 6 of its levels.
You also visited: Ossuary.

You collected 420 gold pieces.
You spent 90 gold pieces at shops.

Inventory:

Hand Weapons
 a - a +0 war axe (weapon)
Missiles
 d - 3 throwing nets (quivered)
Armour
 c - a +0 helmet (worn)
 f - a +0 chain mail (worn)
 u - a cursed +0 pair of gloves (worn)
 w - a +2 cloak (worn)
Jewellery
 k - a ring of wizardry (left hand)
 v - a ring of wizardry (right hand)
Wands
 s - a wand of flame (38)
 C - a wand of magic darts (13)
Scrolls
 b - 12 scrolls of identify {unknown}
 h - 8 scrolls of teleportation {unknown}
 i - a scroll of enchant weapon {unknown}
 j - 2 scrolls of magic mapping
 m - a scroll of recharging
 o - 9 scrolls of remove curse {unknown}
 p - a scroll of blinking {unknown}
 x - 4 scrolls of random uselessness {unknown}
 y - 4 scrolls of immolation {unknown}
 z - 2 scrolls of noise {unknown}
 A - a scroll of fog
Potions
 g - 3 potions of degeneration
 l - a potion of brilliance
 n - a potion of heal wounds
 t - 2 potions of curing
 B - a potion of mutation {unknown}
Books
 r - a book of Air

   Spells                             Type                      Level
   a - Shock                          Conjuration/Air              1
   b - Swiftness                      Charms/Air                   2
   c - Repel Missiles                 Charms/Air                   2
   d - Static Discharge               Conjuration/Air              3
   e - Lightning Bolt                 Conjuration/Air              5
Comestibles
 e - 3 bread rations
 q - 3 beef jerkies
 D - 2 slices of pizza


   Skills:
 + Level 4.5(4.1) Fighting
 * Level 11.1(10.6) Axes
 - Level 1.7(1.4) Throwing
 + Level 3.4(3.1) Armour
 - Level 2.6(2.3) Dodging


You had 8 spell levels left.
You didn't know any spells.

Dungeon Overview and Level Annotations

Branches:
Dungeon (6/15)
 Temple: D:4-7

Altars:
Ashenzari
Cheibriados
Makhleb
Okawaru
Qazlal
Trog
Zin

Shops:
D:5 !(:=

Annotations:
D:3 exclusion: door
D:6 Prince Ribbit


Innate Abilities, Weirdness & Mutations

You have sharp toenails.
You are partially covered in large bone plates (AC +2, SH +2).
A weak demonic guardian rushes to your aid.
You are immune to rotting.


Message History

You barely miss the orc priest.
The orc priest is almost dead.
The orc priest hits you but does no damage.
You hit the orc priest but do no damage.
The orc priest is almost dead.
You closely miss the orc priest.
The orc priest is almost dead.
The orc priest looks braver for a moment.
You hit the orc priest.
You kill the orc priest!
Okawaru accepts your kill.
Items here: ! ( ))) [[ †† You see here a tomahawk.
You see here a tomahawk.
The orc priest looks braver for a moment.
You see here a tomahawk.
You see here 2 tomahawks.
The orc priest calls down the wrath of Beogh upon you.
Something smites you!
You die...

### #.# #@# #.# #.#
####### #.#
####.....#######.# ##
...+.....##.....(# ..#.#
####.....##.#.#)o#####.#.#
# #.....##.#...().....#.#
####.....##.#.#(##.###.#.#


You could see an orc priest.

Vanquished Creatures
  Grinder (D:5)
  Sigmund (D:5)
  Menkaure (D:6)
  A sky beast (D:6)
  2 centaurs
  An orc warrior (D:6)
  A phantom (D:5)
  5 big kobolds (D:3)
  Blork the orc (D:5)
  A scorpion (D:5)
  4 hounds
  4 centaur zombies (Ossuary)
  A giant frog skeleton (D:4)
  2 orc priests
  3 orc wizards (D:5)
  A centaur skeleton (D:5)
  2 jellies (D:6)
  Natasha (thrice) (D:2)
  2 iguanas
  A killer bee zombie (D:6)
  7 worker ants
  A big kobold zombie (Ossuary)
  A hound skeleton (D:4)
  4 mummies (Ossuary)
  14 gnolls
  6 adders
  A shadow imp (D:5)
  An ooze (D:3)
  3 worms
  3 giant geckos
  19 orcs
  5 bats
  6 goblins
  8 hobgoblins
  43 kobolds
  4 ball pythons
  A ball python zombie (D:6)
  6 giant cockroaches
  A giant gecko skeleton (D:3)
  A giant newt (D:2)
  A gnoll zombie (Ossuary)
  2 hobgoblin zombies (Ossuary)
  3 jackals (D:3)
  A quokka (D:4)
  A quokka skeleton (D:5)
  17 rats
198 creatures vanquished.

Vanquished Creatures (collateral kills)
  A two-headed ogre (D:6)
  2 centaurs
  An orc priest (D:6)
  An orc (D:6)
5 creatures vanquished.

Grand Total: 203 creatures vanquished

Notes
Turn   | Place    | Note
--------------------------------------------------------------
     0 | D:1      | Goblin1989 the Demonspawn Gladiator began the quest for the Orb.
     0 | D:1      | Reached XP level 1. HP: 16/16 MP: 1/1
   138 | D:1      | Reached skill level 3 in Axes
   289 | D:1      | Gained mutation: You are partially covered in large bone plates (AC +2, SH +2). [demonic ancestry]
   289 | D:1      | Reached XP level 2. HP: 20/22 MP: 2/2
   931 | D:2      | Found a faded altar to an unknown god.
  1091 | D:2      | Reached XP level 3. HP: 20/27 MP: 3/3
  1224 | D:2      | Noticed Natasha
  1234 | D:2      | Killed Natasha
  1234 | D:2      | Reached skill level 4 in Axes
  1301 | D:2      | Noticed Natasha
  1312 | D:2      | Killed Natasha
  1312 | D:2      | Gained mutation: You are immune to rotting. [demonic ancestry]
  1312 | D:2      | Reached XP level 4. HP: 14/33 MP: 4/4
  1566 | D:2      | Noticed Natasha
  1573 | D:2      | Killed Natasha
  1724 | D:3      | Found a glowing silver altar of Zin.
  1725 | D:3      | Found Zin's Purification Station.
  1752 | D:3      | Bought a potion of curing for 90 gold pieces
  1814 | D:3      | Noticed a moth of wrath
  1816 | D:3      | Found a bloodstained altar of Trog.
  2070 | D:3      | Reached skill level 5 in Axes
  2555 | D:3      | Reached XP level 5. HP: 38/38 MP: 5/5
  2568 | D:3      | Noticed a big kobold
  2586 | D:3      | Killed a big kobold
  2680 | D:3      | Reached skill level 6 in Axes
  2754 | D:3      | Noticed a big kobold
  2764 | D:3      | Killed a big kobold
  2764 | D:3      | Gained mutation: You have sharp toenails. [demonic ancestry]
  2764 | D:3      | Reached XP level 6. HP: 41/44 MP: 6/6
  2893 | D:3      | Noticed a big kobold
  2895 | D:3      | Noticed a big kobold
  2895 | D:3      | Noticed a big kobold
  2929 | D:3      | Killed a big kobold
  2966 | D:3      | Killed a big kobold
  2966 | D:3      | Reached skill level 7 in Axes
  2980 | D:3      | Killed a big kobold
  2980 | D:3      | Reached XP level 7. HP: 27/50 MP: 7/7
  3690 | D:4      | Reached skill level 8 in Axes
  3892 | D:4      | Found a shattered altar of Ashenzari.
  4547 | D:5      | Entered Level 5 of the Dungeon
  4559 | D:5      | Found Zaocso's Book Shop.
  4568 | D:5      | Reached skill level 9 in Axes
  4568 | D:5      | Reached XP level 8. HP: 43/56 MP: 8/8
  4609 | D:5      | Found Aveng's Weapon Emporium.
  4611 | D:5      | Found an iron altar of Okawaru.
  4631 | D:5      | Found a snail-covered altar of Cheibriados.
  4632 | D:5      | Noticed Blork the orc
  4644 | D:5      | Found a sand-covered staircase.
  4649 | Ossuary  | Entered an ossuary
  5063 | D:5      | Killed Blork the orc
  5097 | D:5      | Noticed Grinder
  5106 | D:5      | Became a worshipper of Warmaster Okawaru
  5120 | D:5      | Killed Grinder
  5120 | D:5      | Reached skill level 10 in Axes
  5120 | D:5      | Reached skill level 1 in Armour
  5140 | D:5      | Noticed Prince Ribbit
  5609 | D:5      | Found Runilen's Distillery.
  5740 | D:5      | Noticed Sigmund
  5749 | D:5      | Killed Sigmund
  5760 | D:5      | Reached * piety under Okawaru
  5885 | D:5      | Gained mutation: A weak demonic guardian rushes to your aid. [demonic ancestry]
  5885 | D:5      | Reached XP level 9. HP: 22/64 MP: 6/9
  6182 | D:5      | Found a stormy altar of Qazlal.
  6200 | D:5      | Found a burning altar of Makhleb.
  6439 | D:5      | Found Fihito's Jewellery Shop.
  6955 | D:6      | Noticed Menkaure
  6961 | D:6      | Killed Menkaure
  7210 | D:5      | HP: 1/66 [gnoll/spear (7)]
  7214 | D:5      | Reached skill level 11 in Axes
  7694 | D:6      | Killed from afar by an orc priest

Action                   |  1- 3 |  4- 6 |  7- 9 || total
-------------------------+-------+-------+-------++-------
Melee: War axe           |    82 |   230 |   468 ||   780
Invok: Heroism           |       |       |     2 ||     2
Evoke: Wand              |       |       |     4 ||     4
  Use: Potion            |       |     1 |     9 ||    10
       Scroll            |       |       |     3 ||     3
 Stab: Invisible         |       |       |     1 ||     1
  Eat: Chunk             |       |     6 |     6 ||    12
       Beef jerky        |       |       |     1 ||     1
       Meat ration       |       |       |     2 ||     2
